 Dungeon Crawl Stone Soup version 0.29-a0-973-gac7da5f7f0 (webtiles) character file.

Game seed: 5442937258545152430

4091 mathmaestro the Scholar of Death (level 10, 112/112 HPs)
             Began as a Demonspawn Necromancer on July 31, 2022.
             Was a Follower of Kikubaaqudgha.
             Quit the game on level 8 of the Dungeon.
             The game lasted 00:29:28 (8433 turns).

mathmaestro the Scholar of Death (DsNe)             Turns: 8433, Time: 00:29:28

Health: 112/112    AC: 25    Str:  8    XL:     10   Next: 5%
Magic:  18/18      EV:  2    Int: 21    God:    Kikubaaqudgha [*.....]
Gold:   271        SH:  6    Dex: 20    Spells: 8/20 levels left

rFire   . . .      SeeInvis +   d - staff of death
rCold   . . .      Faith    .   v - +0 buckler
rNeg    + . .      Spirit   +   (body armour currently unavailable)
rPois   +          Reflect  .   (helmet currently unavailable)
rElec   .          Harm     .   (cloak currently unavailable)
rCorr   .          Rampage  .   (gloves currently unavailable)
Will    .....      NoTele   +   (boots currently unavailable)
Stlth   ++........              (no amulet)
HPRegen 0.28/turn               f - +6 ring of dexterity
MPRegen 0.32/turn               G - ring of see invisible

@: tree-form
A: stationary, stasis, torment immunity, boosted hp, (slimy green scales 1),
powered by pain 1, magic shield, magic regeneration, (demonic touch 1)
a: Renounce Religion, Unearth Wretches


You were on level 8 of the Dungeon.
You worshipped Kikubaaqudgha.
Kikubaaqudgha was aware of your devotion.
You were a tree.
You visited 2 branches of the dungeon, and saw 11 of its levels.

You collected 1340 gold pieces.
You spent 1069 gold pieces at shops.

Inventory:

Hand Weapons
 A - a +1 vampiric hand axe
Armour
 b - +0 steam dragon scales
 e - a +0 pair of boots (melded)
 g - a +3 leather armour of cold resistance (melded)
 n - the +1 helmet "Bicupol" (melded) {rPois Stlth+}
   (You took it off Robin on level 2 of the Dungeon)

   rPois:     It protects you from poison.
   Stlth:     It makes you more stealthy.
 r - a +2 leather armour of willpower
 v - a +0 buckler (worn)
 y - a +0 cloak (melded)
Magical Staves
 d - a staff of death (weapon)
Jewellery
 f - a +6 ring of dexterity (left branch)
 x - a ring of positive energy
 C - a ring of flight
 G - a ring of see invisible (right branch)
Wands
 o - a wand of quicksilver (1)
Scrolls
 c - a scroll of silence
 h - a scroll of identify
 l - 2 scrolls of enchant weapon
 p - 3 scrolls of blinking
 s - a scroll of poison
 B - 6 scrolls of teleportation
 I - a scroll of fog
 K - 3 scrolls of enchant armour
 L - a scroll of amnesia
Potions
 a - a potion of heal wounds
 i - a potion of resistance
 j - 3 potions of ambrosia
 k - 5 potions of invisibility {unknown}
 m - 3 potions of might
 q - 3 potions of brilliance
 t - 3 potions of lignification
 w - 2 potions of mutation
 z - 2 potions of haste
 D - 3 potions of curing
 F - a potion of attraction {unknown}
Miscellaneous
 u - a box of beasts


   Skills:
 + Level 5.6 Fighting
 + Level 3.9 Staves
 + Level 4.2 Armour
 - Level 2.0 Dodging
 - Level 2.0 Stealth
 + Level 4.0 Shields
 + Level 5.5 Spellcasting
 + Level 7.7 Necromancy
 + Level 3.9 Translocations
 + Level 4.5 Evocations


You had 8 spell levels left.
You knew the following spells:

 Your Spells              Type           Power      Damage    Failure   Level
a - Necrotise             Necr           100%       1d9       1%          1
b - Vampiric Draining     Necr           55%        2d9       1%          3
c - Animate Dead          Necr           55%        N/A       5%          4
d - Blink                 Tloc           44%        N/A       4%          2
e - Sublimation of Blood  Necr           55%        N/A       1%          2

Your spell library contained the following spells:

 Spells                   Type           Power      Damage    Failure   Level
 Gell's Gravitas          Tloc           22%        N/A       8%          3
 Lesser Beckoning         Tloc           22%        N/A       8%          3
 Teleport Other           Tloc           22%        N/A       8%          3
 Beastly Appendage        Tmut           10%        N/A       13%         1
 Shock                    Conj/Air       20%        1d4       13%         1
 Agony                    Necr           55%        N/A       14%         5
 Wereblood                Tmut           5%         N/A       21%         2
 Spider Form              Tmut/Pois      5%         N/A       36%         3
 Swiftness                Air            5%         N/A       36%         3
 Manifold Assault         Tloc           22%        N/A       58%         5
 Airstrike                Air            2%         0-2+      78%         4
 Dispersal                Tloc           11%        N/A       99%         6
 Summon Hydra             Summ           2%         N/A       100%        7
 Borgnjor's Revivificati  Necr           27%        N/A       100%        8
 Necromutation            Tmut/Necr      16%        N/A       100%        8
 Death's Door             Necr           27%        N/A       100%        9


Dungeon Overview and Level Annotations

Branches:
Dungeon (10/15)            Temple (1/1) D:6            Lair (0/5) D:8
    Orc (0/2) D:9

Altars:
Ashenzari
Cheibriados
Fedhas
Gozag
Hepliaklqana
Kikubaaqudgha
Makhleb
Nemelex Xobeh
Okawaru
Qazlal
Ru
Sif Muna
Trog
Wu Jian
Yredelemnul

Shops:
D:2 [   D:7 !

Annotations:
D:6 2 transporters, Pooter's ghost, novice MiBe
D:9 Grum; Harold


Innate Abilities, Weirdness & Mutations

You are a tree.
Your roots penetrate the ground, keeping you stationary.
You cannot be teleported.
You are immune to unholy pain and torment.
Your maximum health is greatly increased.
Your equipment is partially melded.
((You are partially covered in slimy green scales. (AC +2)))
You sometimes gain a little power by taking damage.
When hurt, damage is shared between your health and your magic reserves.
You regenerate magic rapidly.
((Your touch may inflict minor irresistible damage on your foes.))


Message History

Your +0 buckler unmelds from your body.
Your +3 leather armour of cold resistance unmelds from your body.
Your +6 ring of dexterity unmelds from your body.
Your ring of see invisible unmelds from your body.
You feel resistant to cold.
You feel agile.
You climb downwards.
Level annotation: Psyche
There is a stone staircase leading up here.
Psyche hits the plant with a +4 dagger of distortion!
The plant begins to die.
The plant is devoured by a tear in reality.
K - 3 scrolls of enchant armour (gained 1)
There are no items here.
You now have 271 gold pieces (gained 13).
Found 4 stones.
Psyche shouts!
Psyche points at you and mumbles some strange words.
You turn into a tree.
Your +0 cloak melds into your body.
The +1 helmet "Bicupol" {rPois Stlth+} melds into your body.
Your +0 pair of boots melds into your body.
Your +3 leather armour of cold resistance melds into your body.
You feel less resistant to cold.
Your roots penetrate the ground.
Throw: 2 javelins
Press: ? - help, Q - select action, (/) - cycle Shift-Dir - straight line, f - Psyche
Aim: Psyche, wielding a +4 dagger of distortion, wearing a +0 robe and carrying a wand of flame (6) (severely wounded, 58% to hit)
You throw a javelin. The javelin pierces through Psyche.
Psyche is almost dead.
Psyche zaps a wand.
The puff of flame hits you but does no damage.
Throw: javelin
Press: ? - help, Q - select action, (/) - cycle Shift-Dir - straight line, f/p - Psyche
Aim: Psyche, wielding a +4 dagger of distortion, wearing a +0 robe and carrying a wand of flame (5) (almost dead, 58% to hit)
You throw a javelin. The javelin pierces through Psyche.
You kill Psyche!
Kikubaaqudgha accepts your kill.
You have reached level 10!
Your demonic ancestry asserts itself...
You feel energised by your suffering.
Are you sure you want to abandon this character and quit the game? (Confirm with "yes".)

#.# ...# ..# # ..#
#.#.# #.##.#.# .
#......####....
#.♣....(# #.######..
#....# #)##P.P##.# .#
#.##.###.....P...# #.#
####.##...#≈.P.>PP.≈#
##.## #........(#..
P.PP..# #...#
#.##.##.###.##P§P##.#
#...#
#.##.##.###..#...#..##
#...#
#.##..#.##.#...≈...#..


There were no monsters in sight!

Vanquished Creatures
  A hydra (D:7)
  Maggie (D:6)
  Psyche (D:8)
  A steam dragon (D:6)
  Edmund (D:6)
  Duvessa (D:6)
  4 sky beasts
  2 ice beasts
  A wolf (D:8)
  3 ogres
  2 centaurs
  A kobold brigand (D:6)
  A scorpion (D:6)
  2 necrophages
  Dowan (D:6)
  6 killer bees (D:7)
  2 hounds
  2 orc priests
  Crazy Yiuf (D:3)
  Natasha (thrice) (D:2)
  4 iguanas
  6 orc wizards
  Robin (D:2)
  3 gnolls (D:5)
  6 adders
  2 white imps
  2 worms (D:2)
  A dart slug (D:3)
  26 orcs
  5 bats
  6 endoplasms
  A giant cockroach (D:3)
  7 hobgoblins
  5 jackals
  A quokka (D:4)
  7 ball pythons
  5 frilled lizards
  17 goblins
  9 kobolds
  5 rats
156 creatures vanquished.

Vanquished Creatures (collateral kills)
  A wyvern (D:7)
  A gnoll bouda (D:5)
  A hound (D:5)
  2 orc wizards
  A white imp (D:7)
  3 orcs
  A giant cockroach (D:3)
  4 goblins
  A hobgoblin (D:1)
  A frilled lizard (D:3)
  A kobold (D:2)
  A rat (D:2)
18 creatures vanquished.

Vanquished Creatures (others)
  5 killer bee zombies (D:7)
  3 kobold zombies (D:6)
  4 orc zombies (D:7)
  3 fungi (D:8)
  2 plants (D:8)
17 creatures vanquished.

Grand Total: 191 creatures vanquished

Notes
Turn   | Place    | Note
-------+----------+-------------------------------------------
     0 | D:1      | mathmaestro the Demonspawn Necromancer began the quest for
                  | the Orb.
     0 | D:1      | Reached XP level 1. HP: 13/13 MP: 3/3
   337 | D:1      | Gained mutation: You regenerate magic rapidly. [demonic
                  | ancestry]
   337 | D:1      | Reached XP level 2. HP: 20/20 MP: 1/5
   589 | D:1      | Reached skill level 1 in Fighting
   960 | D:2      | Gained mutation: Your touch may inflict minor irresistible
                  | damage on your foes. [demonic ancestry]
   960 | D:2      | Reached XP level 3. HP: 26/26 MP: 0/6
   967 | D:2      | Identified the +1 helmet "Bicupol" {rPois Stlth+}
   967 | D:2      | Noticed Robin
  1004 | D:1      | Learned a level 3 spell: Vampiric Draining
  1122 | D:2      | Noticed Natasha
  1127 | D:2      | Killed Natasha
  1132 | D:2      | Noticed Natasha
  1247 | D:2      | Killed Natasha
  1248 | D:2      | Reached skill level 5 in Necromancy
  1248 | D:2      | Reached XP level 4. HP: 20/33 MP: 3/8
  1273 | D:2      | Learned a level 4 spell: Animate Dead
  1438 | D:2      | Noticed Natasha
  1443 | D:2      | Killed Natasha
  1599 | D:2      | Killed Robin
  1748 | D:2      | Found Mufet's Armour Emporium.
  1773 | D:2      | Gained mutation: You are partially covered in slimy green
                  | scales. (AC +2) [demonic ancestry]
  1773 | D:2      | Reached XP level 5. HP: 39/39 MP: 6/9
  1929 | D:2      | Found a faded altar of an unknown god.
  2382 | D:3      | Identified a scroll of acquirement
  2382 | D:3      | Acquired 964 gold pieces
  2398 | D:2      | Bought a +3 leather armour of cold resistance for 240 gold
                  | pieces
  2632 | D:3      | Found an iron altar of Okawaru.
  3148 | D:3      | Found a runed translucent door.
  3149 | D:3      | Noticed Crazy Yiuf
  3156 | D:3      | Killed Crazy Yiuf
  3313 | D:4      | Reached skill level 1 in Armour
  3313 | D:4      | Gained mutation: When hurt, damage is shared between your
                  | health and your magic reserves. [demonic ancestry]
  3313 | D:4      | Reached XP level 6. HP: 43/47 MP: 7/11
  3432 | D:4      | Learned a level 2 spell: Blink
  3501 | D:4      | Acquired a staff of death
  3608 | D:4      | Found a bloodstained altar of Trog.
  3608 | D:4      | Found a sacrificial altar of Ru.
  3610 | D:4      | Found a basalt altar of Yredelemnul.
  3610 | D:4      | Found an opulent altar of Gozag.
  3698 | D:4      | Found a broken altar of Ashenzari.
  4191 | D:5      | Entered Level 5 of the Dungeon
  4223 | D:5      | Noticed an ice beast
  4237 | D:4      | Reached skill level 1 in Shields
  4314 | D:4      | Killed an ice beast
  4441 | D:5      | Reached skill level 1 in Translocations
  4441 | D:5      | Reached skill level 1 in Evocations
  4441 | D:5      | Reached XP level 7. HP: 46/52 MP: 10/12
  4579 | D:5      | Reached skill level 1 in Staves
  4579 | D:5      | Reached skill level 6 in Necromancy
  4719 | D:5      | Found a burning altar of Makhleb.
  4720 | D:5      | Found an ornate altar of the Wu Jian Council.
  4877 | D:5      | Found Kodalaxt's Magic Scroll Shoppe.
  4880 | D:5      | Bought a scroll of identify for 20 gold pieces
  4880 | D:5      | Bought a scroll of teleportation for 30 gold pieces
  4880 | D:5      | Bought a scroll of torment for 95 gold pieces
  4880 | D:5      | Bought a scroll of enchant weapon for 75 gold pieces
  4880 | D:5      | Bought a scroll of enchant armour for 75 gold pieces
  4880 | D:5      | Bought a scroll of amnesia for 40 gold pieces
  4880 | D:5      | Bought 3 scrolls of identify for 60 gold pieces
  4880 | D:5      | Bought a scroll of identify for 20 gold pieces
  4880 | D:5      | Bought a scroll of vulnerability for 40 gold pieces
  5163 | D:5      | Reached XP level 8. HP: 55/60 MP: 3/14
  5370 | D:6      | Noticed Dowan
  5397 | D:6      | Noticed Duvessa
  5424 | D:6      | Killed Duvessa
  5624 | D:6      | Killed Dowan
  5692 | D:6      | Learned a level 2 spell: Sublimation of Blood
  5728 | D:6      | Noticed Edmund
  5745 | D:6      | Killed Edmund
  5822 | D:6      | Found a transporter.
  5824 | D:6      | Found a transporter.
  5824 | D:6      | Noticed Pooter's ghost (novice MiBe)
  5914 | D:6      | Found a staircase to the Ecumenical Temple.
  5944 | Temple   | Entered the Ecumenical Temple
  6082 | Temple   | Became a worshipper of Kikubaaqudgha
  6312 | D:6      | Reached XP level 9. HP: 62/66 MP: 13/16
  6435 | D:6      | Reached skill level 7 in Necromancy
  6595 | D:6      | Noticed Maggie
  6612 | D:6      | Killed Maggie
  6827 | D:7      | Reached skill level 5 in Spellcasting
  6845 | D:7      | Reached skill level 5 in Fighting
  6846 | D:7      | Reached * piety under Kikubaaqudgha
  6846 | D:7      | Received a gift from Kikubaaqudgha
  7129 | D:7      | Noticed a five-headed hydra
  7148 | D:7      | Killed a five-headed hydra
  7448 | D:7      | You fall into a shaft and drop 3 floors!
  7448 | D:10     | Entered Level 10 of the Dungeon
  7511 | D:9      | Noticed a centaur warrior
  7512 | D:9      | Noticed a boulder beetle
  7515 | D:9      | Noticed Harold
  7527 | D:9      | Noticed a centaur warrior
  7542 | D:9      | Noticed Grum
  7631 | D:7      | Found Dorghu Napsie's Distillery.
  7639 | D:7      | Bought a potion of haste for 110 gold pieces
  7639 | D:7      | Bought a potion of heal wounds for 55 gold pieces
  7639 | D:7      | Bought a potion of curing for 33 gold pieces
  7639 | D:7      | Bought 2 potions of ambrosia for 176 gold pieces
  7788 | D:7      | Found a blossoming altar of Fedhas.
  8352 | D:8      | Noticed Psyche
  8352 | D:8      | Found a staircase to the Lair.
  8432 | D:8      | Killed Psyche
  8433 | D:8      | Gained mutation: You sometimes gain a little power by
                  | taking damage. [demonic ancestry]
  8433 | D:8      | Reached XP level 10. HP: 75/75 MP: 18/18
  8433 | D:8      | Quit the game

Illustrated notes

Levels and vault maps discovered:
D:1:      onia_arrival_pyramid, layout_basic
D:2:      layout_basic, ebering_ecumenical_altar_abandoned, serial_shops, shop,
          uniq_natasha, uniq_robin
D:3:      layout_rooms, kennysheep_okawaru_gauntlet, grunt_ministairs_6,
          uniq_crazy_yiuf_cottage
D:4:      layout_loops_ring, nicolae_ashenzari_panopticon,
          mainiacjoe_overflow_alcove_3
D:5:      layout_basic, chequers_temple_overflow_statue_of_worship,
          serial_shops, kennysheep_mini_moat
D:6:      layout_rooms, minmay_temple_entry_tees, gammafunk_ghost_arena,
          nicolae_elevator_lobby_plus, uniq_duvessa, uniq_edmund, uniq_maggie
D:7:      layout_gridville, fedhas_bush_and_centaur_altar, serial_shops,
          nicolae_diamond_shop, grunt_ministairs_5, minivault_22,
          hangedman_decor_push
D:8:      layout_loops_cross, kennysheep_mini, grunt_dithmenos_smoke,
          dpeg_oklobed_lair, minmay_misc_feat_plants, minmay_diced_spiral,
          uniq_psyche
D:9:      layout_basic, kennysheep_orc_monster_closet_entryway, enter_bailey_2,
          gammafunk_ghost_abyssal_escape, minivault_16, grunt_decor_clamped,
          minmay_diamond_spiral, uniq_harold, uniq_grum
D:10:     layout_gridville, nicolae_overflow_crystal_walls,
          vehumet_altar_wand_db, uniq_amaemon, uniq_nergalle
Temple:   nicolae_temple_godpark

Skill      XL: |  1  2  3  4  5  6  7  8  9 |
---------------+----------------------------+-----
Stealth        | 2 |  2.0
Dodging        | 2 |  2.0
Fighting       | 1 2 3 4 5 |  5.6
Necromancy     | 5 6 7 |  7.7
Spellcasting   | 3 4 5 |  5.5
Armour         | 1 2 3 4 |  4.2
Shields        | 1 2 3 4 |  4.0
Translocations | 1 2 3 |  3.9
Evocations     | 1 2 3 4 |  4.5
Staves         | 1 2 3 |  3.9

Action                   |  1- 3 |  4- 6 |  7- 9 | 10-12 || total
-------------------------+-------+-------+-------+-------++-------
Melee: Dagger            |    10 |     1 |       |       ||    11
       Unarmed           |     1 |       |       |       ||     1
       Touch             |     1 |       |       |       ||     1
       Staff             |       |    57 |   354 |       ||   411
Throw: Javelin           |       |       |     2 |       ||     2
       Throwing net      |       |       |     1 |       ||     1
 Cast: Necrotise         |    50 |   129 |    85 |       ||   264
       Vampiric Draining |       |     5 |    38 |       ||    43
       Animate Dead      |       |       |     2 |       ||     2
Evoke: Wand              |       |       |     2 |       ||     2
  Use: Scroll            |       |     5 |    15 |       ||    20
       Potion            |       |       |     4 |       ||     4
 Stab: Sleeping          |       |     2 |     2 |       ||     4
       Distracted        |       |       |     2 |       ||     2
       Held in net/web   |       |       |     1 |       ||     1
Armor: Leather armour    |     7 |    59 |   188 |       ||   254
       Skin              |       |       |     2 |       ||     2
Dodge: Dodged            |     8 |    74 |   210 |       ||   292
Block: Buckler           |       |    15 |    99 |       ||   114

Table legend: (Time is in decaauts)
 A = Elapsed time spent in this place.
 B = Non-inter-level travel time spent in this place.
 C = Inter-level travel time spent in this place.
 D = Time resting spent in this place.
 E = Time spent auto-exploring this place.
 F = Levels seen in this place.
 G = Mean time per level.
                   A        B        C        D        E       F      G
               +--------+--------+--------+--------+--------+-----+--------+
         Total |   8501 |   8167 |    334 |   1601 |   4706 |  11 |  772.8 |
       Dungeon |   8334 |   8037 |    297 |   1601 |   4586 |  10 |  833.4 |
        Temple |    167 |    131 |     36 |      0 |    120 |   1 |  167.0 |
               +--------+--------+--------+--------+--------+-----+--------+

Top non-repeatable levels by time:
     D:7: 1461 daAuts
     D:1: 1352 daAuts
     D:6: 1211 daAuts
     D:4: 1115 daAuts
     D:5: 1099 daAuts
     D:2: 1044 daAuts
     D:3: 873 daAuts
  Temple: 167 daAuts
     D:8: 76 daAuts
     D:9: 72 daAuts
    D:10: 27 daAuts
